 Dungeon Crawl Stone Soup version 0.17.0-28-g6e173f8 (webtiles) character file.

168 Raultor the Insei (level 5, -3/28 HPs)
             Began as a Vine Stalker Monk on Nov 22, 2015.
             Was a Believer of Dithmenos.
             Killed by divine providence
             ... invoked by an orc priest
              (10 damage)
             ... on level 3 of the Dungeon.
             The game lasted 00:09:01 (2215 turns).

Raultor the Insei (Vine Stalker Monk)               Turns: 2215, Time: 00:09:01

Health: -3/28      AC:  6    Str: 14    XL:     5   Next: 49%
Magic:  0/6        EV: 14    Int: 10    God:    Dithmenos [**....]
Gold:   274        SH:  0    Dex: 21    Spells: 0 memorised, 4 levels left

rFire  . . .     SeeInvis +       - Unarmed
rCold  . . .     Clarity  .     p - +0 robe
rNeg   . . .     SustAt   .     (no shield)
rPois  .         Gourm    .     (no helmet)
rElec  .         Spirit   +     l - +2 cloak
rCorr  .         Warding  .     k - +0 pair of gloves
rMut   .         Stasis   .     (no boots)
MR     .....                    (no amulet)
Stlth  +++.......               n - ring of see invisible
                                w - +4 ring of dexterity

@: wreathed by umbra, drained, not resistant to hostile enchantments, fairly
stealthy
A: fangs 2, regeneration 1, magic shield, antimagic bite, no device heal 3, rot
immunity
a: Shadow Step, Renounce Religion


You were on level 3 of the Dungeon.
You worshipped Dithmenos.
Dithmenos was pleased with you.
You were not hungry.

You visited 1 branch of the dungeon, and saw 4 of its levels.

You collected 274 gold pieces.

Inventory:

Missiles
 c - 12 poisoned needles
 e - 4 javelins (quivered)
 q - 22 sling bullets
Armour
 k - a +0 pair of gloves (worn)
 l - a +2 cloak (worn)
 p - a +0 robe (worn)
Jewellery
 j - an uncursed ring of sustain attributes
 n - a ring of see invisible (right hand)
 w - a +4 ring of dexterity (left hand)
Wands
 s - a wand of polymorph (18)
Scrolls
 a - a scroll of blinking {unknown}
 f - 2 scrolls of identify
 g - 2 scrolls of teleportation
 m - a scroll of random uselessness {unknown}
 u - a scroll of amnesia {unknown}
 y - a scroll of fog {unknown}
Potions
 b - a potion of poison {unknown}
 d - 2 potions of lignification {unknown}
 h - 2 potions of curing {unknown}
 t - a potion of mutation {unknown}
 x - a potion of brilliance {unknown}
Comestibles
 i - a beef jerky
 o - 3 bread rations
 r - 6 chunks of flesh
 v - a slice of pizza


   Skills:
 + Level 3.3(3.0) Fighting
 * Level 1.2(0.9) Armour
 + Level 3.4(3.1) Dodging
 - Level 2.4(2.1) Stealth
 * Level 5.1(4.8) Unarmed Combat


You had 4 spell levels left.
You didn't know any spells.

Dungeon Overview and Level Annotations

Branches:
Dungeon (4/15)
 Temple: D:4-7

Altars:
Ashenzari
Dithmenos
Nemelex Xobeh
Trog

Annotations:
D:3 Ijyb
D:4 Duvessa


Innate Abilities, Weirdness & Mutations

You have extremely sharp teeth.
Your natural rate of healing is unusually fast.
When hurt, damage is shared between your health and your magic reserves.
Your bite disrupts and absorbs the magic of your enemies.
Potions and wands cannot restore your health.
You are immune to rotting.


Message History

You climb upwards.
Level annotation: Ijyb
There is a stone staircase leading down here.
You hit the orc priest but do no damage.
Your bite misses the orc priest.
The orc wizard hits you but does no damage.
The orc priest barely misses you. The orc priest closely misses you.
You barely miss the orc priest. You bite the orc priest. You drain its power.
You feel invigorated.
The orc priest is moderately wounded.
The orc wizard casts a spell.
The orc wizard seems to speed up.
You hit the orc priest. Your bite misses the orc priest.
The orc priest is severely wounded.
The orc priest mumbles some strange prayers to Beogh against you.
Something smites you!
* * * LOW HITPOINT WARNING * * *
The orc priest invokes the aid of Beogh against you.
Something smites you!
You die...

.##.## #.##...#..###..##.# .....#
#.##.#...##.##..#.#
.##.###########.##.#..##^..##....
.....))......##......##.._..##..#
.##.##.......#####..##.......##..
.##.##.......# #.##....^.^..##.
.##.##.......# #.#..^#####^^.#.
.##.##..>....#####.##.'#.#.#'.##.
.............##o@o..###..#..###..
###.##.......##o##......###.....#
#.#####.#####.#..##.#.....#####
#.# #.#####.#.###...#####
#.#####.............###
###.....########..###########
.######.#...................# .#
#.#.#..>....###..####.# .#
#.#)#.#####.###..####.#


You could see 2 orc priests and an orc wizard.

Vanquished Creatures
  Jessica (D:3)
  2 orc wizards (D:3)
  2 oozes
  2 worms (D:3)
  5 orcs (D:3)
  9 bats
  14 goblins
  8 hobgoblins
  2 jackals (D:1)
  9 kobolds
  5 giant newts
  8 rats
67 creatures vanquished.

Notes
Turn   | Place    | Note
--------------------------------------------------------------
     0 | D:1      | Raultor the Vine Stalker Monk began the quest for the Orb.
     0 | D:1      | Reached XP level 1. HP: 11/11 MP: 2/2
    84 | D:1      | Reached XP level 2. HP: 7/16 MP: 3/3
   494 | D:1      | Reached XP level 3. HP: 19/19 MP: 4/4
   932 | D:2      | Found a shattered altar of Ashenzari.
   940 | D:2      | Found a shadowy altar of Dithmenos.
   943 | D:2      | Found a bloodstained altar of Trog.
   948 | D:2      | Became a worshipper of Dithmenos the Shadowed
   948 | D:2      | Reached * piety under Dithmenos
   948 | D:2      | Reached ** piety under Dithmenos
  1188 | D:2      | Reached XP level 4. HP: 21/24 MP: 5/5
  1630 | D:3      | Found a sparkling altar of Nemelex Xobeh.
  1730 | D:3      | Reached skill level 1 in Armour
  1730 | D:3      | Reached XP level 5. HP: 12/28 MP: 2/6
  1771 | D:3      | Noticed Jessica
  1787 | D:3      | Reached skill level 5 in Unarmed Combat
  1790 | D:3      | Killed Jessica
  1799 | D:3      | Noticed Ijyb
  2197 | D:4      | Noticed an ogre
  2212 | D:4      | Noticed Duvessa
  2215 | D:3      | Killed from afar by an orc priest

Action                   |  1- 3 |  4- 6 || total
-------------------------+-------+-------++-------
Melee: Unarmed           |   114 |    67 ||   181
Throw: Javelin           |       |     2 ||     2
  Use: Scroll            |     4 |       ||     4
 Stab: Sleeping          |     8 |     6 ||    14
  Eat: Chunk             |     1 |     3 ||     4
